 Dungeon Crawl Stone Soup version 0.29.1-1-gd02db6906a (webtiles) character file.

Game seed: 5527775224793188803

142 Doomgape the Insei (level 5, -4/33 HPs)
             Began as an Octopode Transmuter on Sept 17, 2022.
             Slain by a water moccasin (8 damage)
             ... in a sewer.
             The game lasted 00:05:37 (2706 turns).

Doomgape the Insei (Octopode Transmuter)            Turns: 2706, Time: 00:05:37

Health: -4/33      AC:  1    Str:  8 (11) XL:     5   Next: 25%
Magic:  7/8        EV: 13    Int: 13 (15) God:
Gold:   146        SH:  0    Dex: 12 (13) Spells: 7/8 levels left

rFire   . . .      SeeInvis .     - Unarmed
rCold   . . .      Faith    .   (no shield)
rNeg    . . .      Spirit   .   (helmet currently unavailable)
rPois   .          Reflect  .   (no amulet)
rElec   .          Harm     .   (no ring)
rCorr   .          Rampage  .   (no ring)
Will    .....                   (no ring)
Stlth   ++........              (no ring)
HPRegen 0.11/turn               (no ring)
MPRegen 0.11/turn               (no ring)
                                (no ring)
                                (no ring)

@: lethally poisoned (-4 -> -7), appendages
A: tentacle spike 3, almost no armour, amphibious, 8 rings, camouflage 1,
gelatinous body 1, (nimble swimmer 1), tentacles
a: End Transformation


You were in a sewer.
One of your tentacles had grown a beastly spike.
You visited 1 branch of the dungeon, and saw 3 of its levels.
You also visited: Sewer.

You collected 146 gold pieces.

Inventory:

Jewellery
 d - an amulet of guardian spirit
Wands
 c - a wand of light (11)
Scrolls
 b - 2 scrolls of identify
 g - a scroll of teleportation {unknown}
 h - 2 scrolls of magic mapping {unknown}
Potions
 a - 3 potions of lignification
 e - a potion of degeneration
 f - a potion of curing


   Skills:
 - Level 1.0 Fighting
 - Level 2.0 Dodging
 + Level 4.6 Unarmed Combat
 - Level 2.0 Spellcasting
 + Level 3.9 Transmutations


You had 7 spell levels left.
You knew the following spells:

 Your Spells              Type           Power      Damage    Failure   Level
a - Beastly Appendage     Tmut           22%        N/A       4%          1

Your spell library contained the following spells:

 Spells                   Type           Power      Damage    Failure   Level
 Wereblood                Tmut           11%        N/A       8%          2
 Slow                     Hex            4%         N/A       26%         1
 Spider Form              Tmut/Pois      6%         N/A       34%         3
 Confusing Touch          Hex            1%         N/A       58%         3
 Portal Projectile        Hex/Tloc       2%         N/A       58%         3
 Tukima's Dance           Hex            1%         N/A       58%         3
 Vampiric Draining        Necr           1%         2d6       58%         3
 Ice Form                 Ice/Tmut       6%         N/A       75%         4
 Blade Hands              Tmut           5%         N/A       80%         5


Dungeon Overview and Level Annotations

Branches:
Dungeon (3/15)              Sewer (1/1)

Altars:
Vehumet


Innate Abilities, Weirdness & Mutations

One of your tentacles has grown a beastly spike.
You cannot wear most types of armour.
You are amphibious.
You can wear up to eight rings at the same time.
Your skin changes colour to match your surroundings (Stealth+).
Your rubbery body absorbs attacks. (AC +1, EV +1)
((You are camouflaged when in or above water. (Stealth+)))
You have tentacles for arms and can constrict up to eight enemies at once.


Message History

Found a scroll of blinking and 19 gold pieces.
The water moccasin barely misses you.
You see here a potion of berserk rage.
The water moccasin attacks as you move away!
The water moccasin bites you. The water moccasin bites you!
You are poisoned.
The water moccasin poisons you!
Casting: Beastly Appendage (safe; 4% risk of failure)
Confirm with . or Enter, or press ? or * to list all spells.
One of your tentacles grows a vicious spike.
You feel very sick. The water moccasin closely misses you.
You feel very sick.
The water moccasin bites you but does no damage.
It was a potion of degeneration.
There was something very wrong with that liquid.
You feel weakened.
You feel dopey.
You feel clumsy.
You feel sick. The water moccasin misses you.
It was a potion of heal wounds.
You feel much better.
You feel sick. The water moccasin closely misses you.
You barely miss the water moccasin. You grab the water moccasin.
Your tentacle spike misses the water moccasin.
You constrict the water moccasin.
You feel sick. The water moccasin misses you.
The water moccasin closely misses you.
You tentacle-slap the water moccasin but do no damage.
You pierce the water moccasin.
The water moccasin is lightly wounded.
You constrict the water moccasin.
You feel sick. The water moccasin bites you!
You tentacle-slap the water moccasin.
Your tentacle spike misses the water moccasin.
The water moccasin is moderately wounded.
You constrict the water moccasin, but do no damage.
The water moccasin bites you but does no damage.
You tentacle-slap the water moccasin.
You pierce the water moccasin.
The water moccasin is heavily wounded.
You constrict the water moccasin.
You feel sick. The water moccasin bites you!
* * * LOW HITPOINT WARNING * * *
The water moccasin bites you!
You die...

#.......# .......
..... ... #.#
####### #!#
##.....## #.#
##...≈...##
#.#######...≈≈≈...##
#.S@.......≈≈†≈†.∩∩#
#.#######...≈≈≈...##
#.# ##...≈...## #.#
##.....## #†#
####### #.# #.# #∩#
###


You could see a water moccasin.

Vanquished Creatures
  Ijyb (D:2)
  3 adders (D:3)
  A worm (D:2)
  2 dart slugs
  4 orcs (D:3)
  3 ball pythons (D:1)
  13 bats
  6 endoplasms
  2 giant cockroaches
  13 goblins
  5 hobgoblins
  6 jackals (D:1)
  4 kobolds
  A quokka (D:1)
  2 frilled lizards
  6 rats
72 creatures vanquished.

Vanquished Creatures (others)
  A demonic plant (D:1)
  A fungus (D:1)
  8 plants (D:1)
  2 withered plants (D:1)
12 creatures vanquished.

Grand Total: 84 creatures vanquished

Notes
Turn   | Place    | Note
-------+----------+-------------------------------------------
     0 | D:1      | Doomgape the Octopode Transmuter began the quest for the
                  | Orb.
     0 | D:1      | Reached XP level 1. HP: 13/13 MP: 3/3
   123 | D:1      | Reached XP level 2. HP: 10/18 MP: 5/5
   445 | D:1      | Found a faded altar of an unknown god.
   971 | D:1      | Reached XP level 3. HP: 13/23 MP: 4/6
  1663 | D:2      | Noticed Ijyb
  1685 | D:2      | Killed Ijyb
  1686 | D:2      | Reached skill level 4 in Unarmed Combat
  1686 | D:2      | Reached XP level 4. HP: 12/28 MP: 7/7
  2274 | D:2      | Found a radiant altar of Vehumet.
  2619 | D:3      | Found a glowing drain.
  2642 | D:3      | Reached XP level 5. HP: 32/33 MP: 6/8
  2655 | Sewer    | Entered a sewer
  2693 | Sewer    | Noticed a water moccasin
  2706 | Sewer    | Slain by a water moccasin

Illustrated notes

Levels and vault maps discovered:
D:1:      dpeg_arrival_triangle_fractal, layout_loops_cross,
          shapermc_ecumenical_altar_gd
D:2:      kennysheep_the_goblin_king, layout_basic, basic_altar,
          minmay_pentomino_s2
D:3:      layout_basic, gup_sewer_entry_glass
Sewer:    sewer_big_baddie

Skill      XL: |  1  2  3 |
---------------+----------+-----
Transmutations | 3 |  3.9
Unarmed Combat | 4 |  4.6
Fighting       | |  1.0
Dodging        | |  2.0
Spellcasting   | |  2.0

Action                   |  1- 3 |  4- 6 || total
-------------------------+-------+-------++-------
Melee: Unarmed           |    63 |    75 ||   138
       Constrict         |    17 |    22 ||    39
       Tentacles         |    18 |    10 ||    28
       Kick              |    15 |    16 ||    31
       Punch             |     4 |     1 ||     5
 Cast: Beastly Appendage |    20 |    14 ||    34
  Use: Scroll            |     7 |       ||     7
       Potion            |       |     2 ||     2
 Stab: Sleeping          |     5 |     1 ||     6
Armor: Skin              |    10 |     8 ||    18
Dodge: Dodged            |    36 |    64 ||   100
